AoeStats
← web

Highland

506036887Analyzed
4v4 RM · 20d ago on Sep 12, 2026· 29m 55s· 8 players
Game mode
Random Map
Map size
Large (8 player)
Population
200
Speed
Normal
Resources
Standard
Victory
Conquest
Starting age
Dark Age
Ending age
Imperial Age
RankedLock teamsTeams togetherTeam positionsShared explorationLock speedFull tech treeHidden civsTurbo modeCheats
Victory
Defeat
🇨🇳 Slavs · China
1275
+13
🇨🇱 Maya · Chile
1269
+13
🇨🇱 Bohemians · Chile
1230
+15
🇺🇸 Celts · United States
1226
+15
🇺🇸 Malians · United States
1252
-16
🇺🇸 Portuguese · United States
1238
-15
🇺🇸 Gurjaras · United States
1179
-13
🇺🇸 Persians · United States
1144
-12
web
4:21 Loom
11:38 Feudal Age
15:05 Fletching
17:45 Castle Age
16:06 Double-Bit Axe
Crusader
0:26 Loom
13:45 Feudal Age
14:13 Horse Collar
14:19 Double-Bit Axe
19:00 Castle Age
20:33 Fervor
22:16 Chemistry
26:20 Imperial Age
27:05 Bow Saw
28:01 Wheelbarrow
28:33 Scale Mail Armor
28:00 Pikeman
29:16 Heavy Plow
30:02 Hand Cart
30:18 Forging
NiiemZXZ
0:28 Loom
11:10 Feudal Age
12:05 Double-Bit Axe
14:27 Fletching
16:21 Padded Archer Armor
16:27 Fishing Lines
22:41 Castle Age
20:37 Gold Mining
22:14 Forging
22:10 Scale Mail Armor
21:53 Horse Collar
23:19 Bodkin Arrow
23:39 Leather Archer Armor
22:45 Crossbowman
24:03 Thumb Ring
26:57 Leather Archer Armor
27:54 Wheelbarrow
28:00 Eagle Warrior
28:48 Town Watch
一叶知秋
10:21 Feudal Age
15:29 Castle Age
14:11 Double-Bit Axe
14:41 Horse Collar
15:11 Man-at-Arms
16:19 Loom
16:46 Squires
25:51 Forging
25:30 Loom
26:52 Bloodlines
26:38 Gold Mining
27:28 Husbandry
30:15 Scale Barding Armor
freddie
2:00 Loom
12:36 Feudal Age
17:46 Castle Age
17:57 Double-Bit Axe
[NO CAP] Talon
10:18 Feudal Age
14:01 Castle Age
30:05 Forging
Bobular;)
9:16 Feudal Age
13:41 Castle Age
14:38 Loom
16:54 Horse Collar
19:03 Double-Bit Axe
26:08 Bow Saw
25:59 Heavy Plow
27:36 Wheelbarrow
26:47 Town Watch
29:22 Hand Cart
LaserLobbes
Connection lost

Rejoining the realm…

Still unreachable

The connection could not be restored.

Session expired

The server has moved on; the page needs a fresh start.